[ AOE2 MATCH · #466640549 ]
UnrankedBohemians vs Celts
Player's team · LOSS
[ REPLAY ANALYSIS · EXTRACTED FROM THE RECORDED GAME ]
Feudal
—
Castle
—
Imperial
—
| APM avg | 25.4 |
| APM peak | 170 |
| eAPM avg | 24.9 |
| Villagers / military | 64 / 699 |
Focus
⚔️ 75.5% · 🌾 24.5%
Knight ×453 · Hussite Wagon ×142 · Bombard Cannon ×98 · Trade Cart ×61 · Scout Cavalry ×6
Feudal
—
Castle
—
Imperial
—
| APM avg | 56.0 |
| APM peak | 106 |
| eAPM avg | 51.2 |
| Villagers / military | 372 / 1248 |
Focus
⚔️ 51.8% · 🌾 48.2%
Knight ×611 · Woad Raider ×214 · Mangonel ×139 · Trade Cart ×131 · Battering Ram ×122 · Scorpion ×77
Feudal
—
Castle
—
Imperial
—
| APM avg | 63.3 |
| APM peak | 244 |
| eAPM avg | 61.5 |
| Villagers / military | 471 / 2365 |
Focus
⚔️ 57.3% · 🌾 42.7%
Monaspa ×1734 · Scorpion ×330 · Mangonel ×161 · Trade Cart ×160 · Spearman ×135 · Petard ×5
Feudal
—
Castle
—
Imperial
—
| APM avg | 69.4 |
| APM peak | 233 |
| eAPM avg | 67.9 |
| Villagers / military | 305 / 1145 |
Focus
⚔️ 56.7% · 🌾 43.3%
Knight ×456 · Scorpion ×302 · Mangonel ×158 · Trade Cart ×137 · Spearman ×107 · Woad Raider ×75
Feudal
—
Castle
—
Imperial
—
| APM avg | 33.3 |
| APM peak | 176 |
| eAPM avg | 30.8 |
| Villagers / military | 297 / 1107 |
Focus
⚔️ 34.7% · 🌾 65.3%
War Elephant ×521 · Camel Scout ×288 · Trade Cart ×147 · Scorpion ×125 · Bombard Cannon ×115 · Mangonel ×55
Match map
Initial resources + every placement click. Lines = walls · curves = elevation contours. ◆ gold · ⬟ stone · ● berries · ✦ relic · ◌ wall gap
Inputs per minute
— erickernestv - - robincule
Build order — erickernestv
First 150 of 920 actions detected
| 0:16 | Build | Town Center |
| 0:21 | Build | Town Center |
| 0:26 | Build | Town Center |
| 0:30 | Create | Villager (Male) |
| 0:30 | Create | Villager (Male) |
| 0:30 | Create | Villager (Male) |
| 0:31 | Create | Villager (Male) |
| 0:31 | Create | Villager (Male) |
| 0:31 | Create | Villager (Male) |
| 0:32 | Create | Villager (Male) |
| 0:32 | Create | Villager (Male) |
| 0:33 | Create | Villager (Male) |
| 0:33 | Create | Villager (Male) |
| 0:57 | Build | Market |
| 1:02 | Build | Market |
| 1:08 | Build | Market |
| 1:22 | Build | Farm |
| 1:33 | Create | Villager (Male) |
| 1:33 | Create | Villager (Male) |
| 1:33 | Create | Villager (Male) |
| 1:34 | Create | Villager (Male) |
| 1:55 | Build | House |
| 1:57 | Build | House |
| 1:59 | Build | House |
| 2:01 | Build | House |
| 2:04 | Build | House |
| 2:05 | Build | House |
| 2:08 | Build | House |
| 2:10 | Build | House |
| 2:23 | Build | Mining Camp |
| 2:40 | Create | Villager (Male) |
| 2:40 | Create | Villager (Male) |
| 2:40 | Create | Villager (Male) |
| 2:41 | Create | Villager (Male) |
| 2:41 | Create | Villager (Male) |
| 2:41 | Create | Villager (Male) |
| 2:42 | Create | Villager (Male) |
| 3:14 | Build | Stone Wall |
| 3:36 | Build | Castle |
| 3:41 | Build | Building 487 |
| 3:51 | Build | Mining Camp |
| 3:55 | Create | Villager (Male) |
| 3:56 | Create | Villager (Male) |
| 4:33 | Build | Town Center |
| 4:42 | Build | House |
| 4:45 | Build | House |
| 4:47 | Build | House |
| 4:49 | Build | House |
| 5:01 | Build | Building 487 |
| 5:13 | Build | Mining Camp |
| 5:44 | Build | Castle |
| 5:58 | Build | Stone Wall |
| 6:05 | Build | Building 487 |
| 6:21 | Build | Farm |
| 6:35 | Build | Mining Camp |
| 6:52 | Create | Trade Cart |
| 6:52 | Create | Trade Cart |
| 6:52 | Create | Trade Cart |
| 6:53 | Create | Trade Cart |
| 6:53 | Create | Trade Cart |
| 6:53 | Create | Trade Cart |
| 6:54 | Create | Trade Cart |
| 6:54 | Create | Trade Cart |
| 6:54 | Create | Trade Cart |
| 6:55 | Create | Trade Cart |
| 6:55 | Create | Trade Cart |
| 6:55 | Create | Trade Cart |
| 6:55 | Create | Trade Cart |
| 6:56 | Create | Trade Cart |
| 6:56 | Create | Trade Cart |
| 6:56 | Create | Trade Cart |
| 6:56 | Create | Trade Cart |
| 6:57 | Create | Trade Cart |
| 6:57 | Create | Trade Cart |
| 6:57 | Create | Trade Cart |
| 6:58 | Create | Trade Cart |
| 6:58 | Create | Trade Cart |
| 6:58 | Create | Trade Cart |
| 6:58 | Create | Trade Cart |
| 6:59 | Create | Trade Cart |
| 6:59 | Create | Trade Cart |
| 6:59 | Create | Trade Cart |
| 7:00 | Create | Trade Cart |
| 7:00 | Create | Trade Cart |
| 7:00 | Create | Trade Cart |
| 7:01 | Create | Trade Cart |
| 7:01 | Create | Trade Cart |
| 7:01 | Create | Trade Cart |
| 7:01 | Create | Trade Cart |
| 7:02 | Create | Trade Cart |
| 7:02 | Create | Trade Cart |
| 7:02 | Create | Trade Cart |
| 7:03 | Create | Trade Cart |
| 7:03 | Create | Trade Cart |
| 7:03 | Create | Trade Cart |
| 7:04 | Create | Trade Cart |
| 7:04 | Create | Trade Cart |
| 7:04 | Create | Trade Cart |
| 7:05 | Create | Trade Cart |
| 7:05 | Create | Trade Cart |
| 7:05 | Create | Trade Cart |
| 7:17 | Build | Castle |
| 7:50 | Build | Castle |
| 8:11 | Create | Villager (Male) |
| 8:11 | Create | Villager (Male) |
| 8:12 | Create | Villager (Male) |
| 8:12 | Create | Villager (Male) |
| 8:12 | Create | Villager (Male) |
| 8:54 | Build | Siege Workshop |
| 8:59 | Build | Siege Workshop |
| 9:07 | Build | Siege Workshop |
| 9:13 | Build | Siege Workshop |
| 9:20 | Build | Siege Workshop |
| 9:28 | Build | Castle |
| 9:36 | Build | Castle |
| 9:45 | Build | Siege Workshop |
| 9:50 | Build | Siege Workshop |
| 9:55 | Build | Siege Workshop |
| 10:02 | Build | Siege Workshop |
| 10:12 | Build | Mining Camp |
| 10:57 | Build | Stone Wall |
| 11:06 | Build | Stone Wall |
| 11:14 | Build | Stone Wall |
| 11:20 | Build | Building 487 |
| 11:44 | Build | Stable |
| 11:49 | Build | Stable |
| 11:56 | Build | Stable |
| 12:02 | Build | Stable |
| 12:29 | Create | Villager (Male) |
| 12:29 | Create | Villager (Male) |
| 12:30 | Create | Villager (Male) |
| 12:30 | Create | Villager (Male) |
| 12:31 | Create | Villager (Male) |
| 12:31 | Create | Villager (Male) |
| 12:31 | Create | Villager (Male) |
| 12:31 | Create | Villager (Male) |
| 12:36 | Create | Villager (Male) |
| 12:36 | Create | Villager (Male) |
| 12:37 | Create | Villager (Male) |
| 12:37 | Create | Villager (Male) |
| 12:37 | Create | Villager (Male) |
| 12:38 | Create | Villager (Male) |
| 12:38 | Create | Villager (Male) |
| 12:51 | Build | Castle |
| 13:29 | Build | Farm |
| 13:54 | Build | Mining Camp |
| 14:03 | Build | Farm |
| 14:12 | Build | Farm |
| 14:25 | Build | House |
| 14:27 | Build | House |
Build order — robincule
First 150 of 724 actions detected
| 0:01 | Build | Market |
| 0:01 | Create | Villager (Male) ×5 |
| 0:02 | Create | Villager (Male) ×5 |
| 0:03 | Build | Town Center |
| 0:04 | Build | Town Center |
| 0:04 | Build | Town Center |
| 0:06 | Build | Town Center |
| 0:06 | Build | Town Center |
| 0:08 | Build | Town Center |
| 0:08 | Build | Town Center |
| 0:11 | Build | Town Center |
| 0:11 | Build | Town Center |
| 0:16 | Create | Trade Cart ×5 |
| 0:17 | Create | Trade Cart ×5 |
| 0:17 | Create | Trade Cart ×5 |
| 0:17 | Create | Trade Cart ×5 |
| 0:24 | Build | Town Center |
| 0:25 | Build | Town Center |
| 0:29 | Build | Town Center |
| 0:31 | Build | Town Center |
| 0:32 | Build | Mill |
| 0:33 | Build | Market |
| 0:37 | Build | Town Center |
| 0:39 | Build | Town Center |
| 0:40 | Build | Market |
| 0:41 | Build | Market |
| 0:43 | Create | Villager (Male) ×5 |
| 0:44 | Create | Villager (Male) |
| 0:44 | Create | Villager (Male) ×5 |
| 0:44 | Create | Villager (Male) ×5 |
| 0:46 | Create | Villager (Male) ×5 |
| 0:50 | Build | Town Center |
| 0:52 | Build | Market |
| 0:52 | Build | Market |
| 0:57 | Build | Market |
| 0:59 | Build | Market |
| 1:01 | Build | Town Center |
| 1:06 | Create | Villager (Male) ×5 |
| 1:07 | Create | Villager (Male) ×5 |
| 1:07 | Create | Villager (Male) ×5 |
| 1:11 | Create | Villager (Male) ×5 |
| 1:13 | Create | Villager (Male) ×5 |
| 1:16 | Build | Market |
| 1:17 | Build | Market |
| 1:18 | Build | Market |
| 1:19 | Build | Market |
| 1:20 | Create | Villager (Male) ×5 |
| 1:21 | Create | Villager (Male) ×5 |
| 1:21 | Create | Villager (Male) ×5 |
| 1:21 | Create | Villager (Male) ×5 |
| 1:23 | Build | Town Center |
| 1:25 | Build | Town Center |
| 1:28 | Create | Villager (Male) ×5 |
| 1:28 | Create | Villager (Male) ×5 |
| 1:29 | Create | Villager (Male) ×5 |
| 1:29 | Create | Villager (Male) ×3 |
| 1:33 | Create | Villager (Male) ×5 |
| 1:33 | Create | Villager (Male) ×5 |
| 1:35 | Create | Villager (Male) ×5 |
| 1:36 | Create | Villager (Male) |
| 1:38 | Build | Town Center |
| 1:41 | Build | Town Center |
| 1:48 | Build | Town Center |
| 1:54 | Create | Trade Cart |
| 2:05 | Build | House |
| 2:07 | Build | House |
| 2:07 | Build | House |
| 2:07 | Build | House |
| 2:08 | Build | House |
| 2:08 | Build | House |
| 2:09 | Build | House |
| 2:09 | Build | House |
| 2:10 | Build | House |
| 2:10 | Build | House |
| 2:10 | Build | House |
| 2:11 | Build | House |
| 2:11 | Build | House |
| 2:12 | Build | House |
| 2:15 | Build | Town Center |
| 2:21 | Create | Villager (Male) ×5 |
| 2:21 | Create | Villager (Male) ×5 |
| 2:21 | Create | Villager (Male) ×5 |
| 2:21 | Create | Villager (Male) ×5 |
| 2:22 | Create | Villager (Male) ×5 |
| 2:22 | Create | Villager (Male) ×5 |
| 2:27 | Build | Town Center |
| 2:31 | Build | Town Center |
| 2:34 | Build | Town Center |
| 2:36 | Build | Town Center |
| 2:38 | Create | Villager (Male) ×5 |
| 2:38 | Create | Villager (Male) ×5 |
| 2:38 | Create | Villager (Male) ×5 |
| 2:39 | Create | Villager (Male) ×5 |
| 2:39 | Create | Villager (Male) ×5 |
| 2:39 | Create | Villager (Male) ×5 |
| 2:40 | Create | Villager (Male) ×5 |
| 2:43 | Create | Villager (Male) ×5 |
| 2:45 | Build | Lumber Camp |
| 2:47 | Create | Villager (Male) ×5 |
| 2:49 | Create | Villager (Male) ×5 |
| 2:50 | Create | Villager (Male) ×5 |
| 2:51 | Create | Villager (Male) ×5 |
| 2:53 | Create | Villager (Male) ×5 |
| 2:55 | Build | House |
| 2:56 | Build | House |
| 2:56 | Build | House |
| 2:56 | Build | House |
| 2:57 | Build | House |
| 2:57 | Build | House |
| 2:57 | Build | House |
| 2:58 | Build | House |
| 2:58 | Build | House |
| 2:58 | Build | House |
| 2:59 | Build | House |
| 2:59 | Build | House |
| 2:59 | Build | House |
| 3:02 | Create | Trade Cart ×5 |
| 3:02 | Create | Trade Cart ×5 |
| 3:02 | Create | Trade Cart ×5 |
| 3:03 | Create | Trade Cart ×5 |
| 3:03 | Create | Trade Cart ×5 |
| 3:03 | Create | Trade Cart ×5 |
| 3:04 | Create | Trade Cart ×5 |
| 3:04 | Create | Trade Cart ×5 |
| 3:05 | Create | Trade Cart ×5 |
| 3:05 | Create | Trade Cart ×5 |
| 3:13 | Build | Market |
| 3:14 | Build | Market |
| 3:15 | Build | Market |
| 3:16 | Build | Mining Camp |
| 3:20 | Create | Villager (Male) ×3 |
| 3:22 | Build | Lumber Camp |
| 3:25 | Create | Villager (Male) ×5 |
| 3:25 | Create | Villager (Male) ×5 |
| 3:32 | Create | Villager (Male) ×5 |
| 3:32 | Create | Villager (Male) ×5 |
| 3:33 | Create | Villager (Male) ×5 |
| 3:34 | Build | Lumber Camp |
| 3:37 | Create | Villager (Male) ×5 |
| 3:37 | Create | Villager (Male) ×5 |
| 3:37 | Create | Villager (Male) ×5 |
| 3:37 | Create | Villager (Male) ×5 |
| 3:38 | Create | Villager (Male) ×5 |
| 3:41 | Create | Villager (Male) ×5 |
| 3:48 | Create | Villager (Male) ×5 |
| 3:52 | Create | Villager (Male) ×5 |
| 3:57 | Build | Mining Camp |
| 4:01 | Build | Farm |
| 4:02 | Build | Farm |
| 4:02 | Build | Farm |
Build order — K’
First 150 of 1086 actions detected
| 0:05 | Create | Villager (Male) ×5 |
| 0:05 | Create | Villager (Male) ×5 |
| 0:06 | Create | Villager (Male) ×5 |
| 0:06 | Create | Villager (Male) ×5 |
| 0:06 | Create | Villager (Male) ×5 |
| 0:09 | Build | Town Center |
| 0:10 | Build | Town Center |
| 0:13 | Build | Town Center |
| 0:14 | Build | Town Center |
| 0:15 | Build | Town Center |
| 0:18 | Build | Town Center |
| 0:23 | Build | Town Center |
| 0:27 | Build | Town Center |
| 0:29 | Build | Town Center |
| 0:31 | Build | Town Center |
| 0:32 | Build | Town Center |
| 0:33 | Build | Town Center |
| 0:36 | Build | Town Center |
| 0:38 | Create | Villager (Male) ×5 |
| 0:38 | Create | Villager (Male) ×5 |
| 0:39 | Create | Villager (Male) ×5 |
| 0:39 | Create | Villager (Male) ×5 |
| 0:39 | Create | Villager (Male) ×5 |
| 0:40 | Create | Villager (Male) ×5 |
| 0:46 | Build | Market |
| 0:49 | Build | Market |
| 1:04 | Build | Market |
| 1:05 | Build | Market |
| 1:07 | Build | Market |
| 1:08 | Build | Market |
| 1:09 | Build | Market |
| 1:11 | Build | Market |
| 1:12 | Build | Market |
| 1:13 | Build | Market |
| 1:14 | Build | Market |
| 1:15 | Build | Market |
| 1:16 | Build | Market |
| 1:17 | Build | Market |
| 1:18 | Build | Market |
| 1:20 | Build | Market |
| 1:23 | Create | Villager (Male) |
| 1:23 | Create | Villager (Male) ×3 |
| 1:24 | Create | Villager (Male) ×5 |
| 1:24 | Create | Villager (Male) ×5 |
| 1:27 | Build | Town Center |
| 1:30 | Build | Town Center |
| 1:38 | Build | Monastery |
| 1:39 | Build | Monastery |
| 1:41 | Build | Monastery |
| 1:49 | Build | Monastery |
| 1:50 | Build | Monastery |
| 1:52 | Build | Monastery |
| 1:54 | Build | Monastery |
| 1:56 | Create | Villager (Male) ×5 |
| 1:56 | Create | Villager (Male) ×5 |
| 1:57 | Create | Villager (Male) ×5 |
| 1:57 | Create | Villager (Male) ×5 |
| 1:58 | Create | Villager (Male) ×5 |
| 2:06 | Build | House |
| 2:06 | Build | House |
| 2:07 | Build | House |
| 2:07 | Build | House |
| 2:07 | Build | House |
| 2:07 | Build | House |
| 2:08 | Build | House |
| 2:09 | Build | House |
| 2:10 | Build | House |
| 2:10 | Build | House |
| 2:10 | Build | House |
| 2:10 | Build | House |
| 2:11 | Build | House |
| 2:11 | Build | House |
| 2:11 | Build | House |
| 2:11 | Build | House |
| 2:12 | Build | House |
| 2:14 | Build | House |
| 2:14 | Build | House |
| 2:15 | Build | House |
| 2:15 | Build | House |
| 2:15 | Build | House |
| 2:15 | Build | House |
| 2:16 | Build | House |
| 2:17 | Build | House |
| 2:17 | Build | House |
| 2:18 | Build | House |
| 2:18 | Build | House |
| 2:18 | Build | House |
| 2:20 | Create | Villager (Male) |
| 2:21 | Create | Villager (Male) |
| 2:31 | Build | Town Center |
| 2:34 | Build | Town Center |
| 2:39 | Build | Town Center |
| 2:43 | Build | Town Center |
| 2:46 | Build | Town Center |
| 2:47 | Create | Villager (Male) |
| 2:48 | Create | Villager (Male) |
| 2:49 | Create | Villager (Male) |
| 2:51 | Create | Villager (Male) ×2 |
| 2:51 | Create | Villager (Male) ×5 |
| 2:51 | Create | Villager (Male) ×5 |
| 2:52 | Create | Villager (Male) ×5 |
| 2:59 | Create | Villager (Male) ×5 |
| 3:00 | Create | Villager (Male) ×5 |
| 3:00 | Create | Villager (Male) ×5 |
| 3:01 | Create | Villager (Male) ×5 |
| 3:01 | Create | Villager (Male) ×5 |
| 3:01 | Create | Villager (Male) ×5 |
| 3:02 | Create | Villager (Male) ×5 |
| 3:02 | Create | Villager (Male) ×5 |
| 3:04 | Create | Villager (Male) |
| 3:05 | Create | Villager (Male) |
| 3:07 | Create | Trade Cart ×5 |
| 3:07 | Create | Trade Cart ×5 |
| 3:08 | Create | Trade Cart ×5 |
| 3:08 | Create | Trade Cart ×5 |
| 3:16 | Create | Trade Cart ×5 |
| 3:16 | Create | Trade Cart ×5 |
| 3:17 | Create | Trade Cart ×5 |
| 3:21 | Create | Villager (Male) |
| 3:21 | Create | Villager (Male) |
| 3:22 | Create | Villager (Male) |
| 3:25 | Create | Villager (Male) ×5 |
| 3:25 | Create | Villager (Male) ×5 |
| 3:27 | Create | Villager (Male) ×5 |
| 3:27 | Create | Villager (Male) ×5 |
| 3:28 | Create | Villager (Male) ×5 |
| 3:28 | Create | Villager (Male) ×5 |
| 3:33 | Build | House |
| 3:33 | Build | House |
| 3:33 | Build | House |
| 3:33 | Build | House |
| 3:33 | Build | House |
| 3:34 | Build | House |
| 3:34 | Build | House |
| 3:34 | Build | House |
| 3:34 | Build | House |
| 3:35 | Build | House |
| 3:35 | Build | House |
| 3:35 | Build | House |
| 3:37 | Build | House |
| 3:37 | Build | House |
| 3:37 | Build | House |
| 3:37 | Build | House |
| 3:37 | Build | House |
| 3:38 | Build | House |
| 3:38 | Build | House |
| 3:38 | Build | House |
| 3:38 | Build | House |
| 3:41 | Build | House |
| 3:41 | Build | House |
Build order — TR.!
First 150 of 1996 actions detected
| 0:11 | Create | Villager (Male) |
| 0:11 | Create | Villager (Male) |
| 0:11 | Create | Villager (Male) |
| 0:12 | Create | Villager (Male) |
| 0:12 | Create | Villager (Male) |
| 0:12 | Create | Villager (Male) |
| 0:12 | Create | Villager (Male) |
| 0:13 | Create | Villager (Male) |
| 0:13 | Create | Villager (Male) |
| 0:13 | Create | Villager (Male) |
| 0:13 | Create | Villager (Male) |
| 0:24 | Build | Market |
| 0:25 | Build | Market |
| 0:26 | Build | Market |
| 0:30 | Build | Lumber Camp |
| 0:46 | Build | Town Center |
| 0:48 | Build | Town Center |
| 0:50 | Build | Town Center |
| 0:52 | Build | Town Center |
| 0:53 | Build | Town Center |
| 0:55 | Build | Town Center |
| 0:57 | Build | Town Center |
| 0:58 | Build | Town Center |
| 1:05 | Create | Villager (Male) |
| 1:06 | Create | Villager (Male) |
| 1:06 | Create | Villager (Male) |
| 1:06 | Create | Villager (Male) |
| 1:06 | Create | Villager (Male) |
| 1:07 | Create | Villager (Male) |
| 1:07 | Create | Villager (Male) |
| 1:07 | Create | Villager (Male) |
| 1:07 | Create | Villager (Male) |
| 1:08 | Create | Villager (Male) |
| 1:08 | Create | Villager (Male) |
| 1:08 | Create | Villager (Male) |
| 1:15 | Build | House |
| 1:16 | Build | House |
| 1:17 | Build | House |
| 1:19 | Build | House |
| 1:20 | Build | House |
| 1:21 | Build | House |
| 1:22 | Build | House |
| 1:25 | Build | House |
| 1:26 | Build | House |
| 1:27 | Build | House |
| 1:28 | Build | House |
| 1:29 | Build | House |
| 1:30 | Build | House |
| 1:31 | Build | House |
| 1:46 | Build | Stone Wall |
| 1:56 | Build | House |
| 1:57 | Build | House |
| 1:58 | Build | House |
| 2:02 | Build | House |
| 2:03 | Build | House |
| 2:05 | Build | House |
| 2:12 | Build | Market |
| 2:14 | Build | Market |
| 2:16 | Build | Market |
| 2:19 | Build | Market |
| 2:21 | Build | Market |
| 2:22 | Build | Market |
| 2:24 | Build | Market |
| 2:27 | Build | Market |
| 2:27 | Build | Market |
| 2:33 | Build | Market |
| 2:57 | Build | Town Center |
| 2:57 | Build | Town Center |
| 2:58 | Build | Town Center |
| 2:58 | Build | Town Center |
| 2:58 | Build | Town Center |
| 3:01 | Build | Town Center |
| 3:01 | Build | Town Center |
| 3:01 | Build | Town Center |
| 3:02 | Build | Town Center |
| 3:02 | Build | Town Center |
| 3:03 | Build | Town Center |
| 3:05 | Build | Town Center |
| 3:05 | Build | Town Center |
| 3:05 | Build | Town Center |
| 3:06 | Build | Town Center |
| 3:06 | Build | Town Center |
| 3:06 | Build | Town Center |
| 3:06 | Build | Town Center |
| 3:07 | Build | Town Center |
| 3:07 | Build | Town Center |
| 3:15 | Build | Lumber Camp |
| 3:16 | Build | Lumber Camp |
| 3:18 | Build | Lumber Camp |
| 3:19 | Build | Lumber Camp |
| 3:19 | Build | Lumber Camp |
| 3:20 | Build | Lumber Camp |
| 3:22 | Build | Lumber Camp |
| 3:22 | Build | Lumber Camp |
| 3:24 | Build | Lumber Camp |
| 3:24 | Build | Lumber Camp |
| 3:25 | Build | Lumber Camp |
| 3:25 | Build | Lumber Camp |
| 3:28 | Build | Lumber Camp |
| 3:28 | Build | Lumber Camp |
| 3:30 | Build | Lumber Camp |
| 3:48 | Build | Stone Wall |
| 3:50 | Build | Stone Wall |
| 3:53 | Build | Stone Wall |
| 3:57 | Build | Building 487 |
| 3:58 | Build | Building 487 |
| 3:59 | Build | Building 487 |
| 4:00 | Build | Building 490 |
| 4:02 | Build | Building 490 |
| 4:04 | Build | Building 673 |
| 4:16 | Create | Villager (Male) |
| 4:16 | Create | Villager (Male) |
| 4:16 | Create | Villager (Male) |
| 4:16 | Create | Villager (Male) |
| 4:17 | Create | Villager (Male) |
| 4:17 | Create | Villager (Male) |
| 4:17 | Create | Villager (Male) |
| 4:17 | Create | Villager (Male) |
| 4:18 | Create | Villager (Male) |
| 4:18 | Create | Villager (Male) |
| 4:18 | Create | Villager (Male) |
| 4:18 | Create | Villager (Male) |
| 4:19 | Create | Villager (Male) |
| 4:19 | Create | Villager (Male) |
| 4:19 | Create | Villager (Male) |
| 4:19 | Create | Villager (Male) |
| 4:20 | Create | Villager (Male) |
| 4:20 | Create | Villager (Male) |
| 4:20 | Create | Villager (Male) |
| 4:20 | Create | Villager (Male) |
| 4:21 | Create | Villager (Male) |
| 4:21 | Create | Villager (Male) |
| 4:21 | Create | Villager (Male) |
| 4:21 | Create | Villager (Male) |
| 4:22 | Create | Villager (Male) |
| 4:22 | Create | Villager (Male) |
| 4:22 | Create | Villager (Male) |
| 4:22 | Create | Villager (Male) |
| 4:23 | Create | Villager (Male) |
| 4:23 | Create | Villager (Male) |
| 4:23 | Create | Villager (Male) |
| 4:23 | Create | Villager (Male) |
| 4:39 | Build | Siege Workshop |
| 4:41 | Build | Siege Workshop |
| 4:43 | Build | Siege Workshop |
| 4:44 | Build | Siege Workshop |
| 4:46 | Build | Siege Workshop |
| 4:48 | Build | Siege Workshop |
| 4:50 | Build | Siege Workshop |
| 5:03 | Build | Building 673 |
Build order — [TMF] ReTuRe34
First 150 of 568 actions detected
| 0:03 | Create | Villager (Male) ×5 |
| 0:03 | Create | Villager (Male) ×5 |
| 0:03 | Create | Villager (Male) ×5 |
| 0:08 | Build | Town Center |
| 0:10 | Build | Town Center |
| 0:11 | Build | Town Center |
| 0:12 | Build | Town Center |
| 0:13 | Build | Town Center |
| 0:15 | Build | Town Center |
| 0:16 | Build | Town Center |
| 0:31 | Create | Villager (Male) |
| 0:31 | Create | Villager (Male) |
| 0:47 | Build | House |
| 0:48 | Build | House |
| 0:48 | Build | House |
| 0:49 | Build | House |
| 0:50 | Build | House |
| 0:51 | Build | House |
| 0:52 | Build | House |
| 0:53 | Build | House |
| 0:55 | Build | House |
| 0:59 | Create | Villager (Male) ×5 |
| 0:59 | Create | Villager (Male) ×5 |
| 0:59 | Create | Villager (Male) ×5 |
| 1:00 | Create | Villager (Male) |
| 1:12 | Build | Castle |
| 1:13 | Build | Castle |
| 1:14 | Build | Castle |
| 1:16 | Build | Castle |
| 1:17 | Build | Castle |
| 1:18 | Build | Castle |
| 1:20 | Build | Castle |
| 1:24 | Create | Villager (Male) ×5 |
| 1:25 | Create | Villager (Male) ×5 |
| 1:25 | Create | Villager (Male) ×5 |
| 1:25 | Create | Villager (Male) ×5 |
| 1:25 | Create | Villager (Male) ×5 |
| 1:26 | Create | Villager (Male) ×5 |
| 1:26 | Create | Villager (Male) ×5 |
| 1:26 | Create | Villager (Male) ×3 |
| 1:39 | Build | Market |
| 1:40 | Build | Market |
| 1:42 | Build | Market |
| 1:47 | Create | Villager (Male) ×5 |
| 1:48 | Create | Villager (Male) ×5 |
| 1:48 | Create | Villager (Male) ×5 |
| 1:48 | Create | Villager (Male) ×5 |
| 1:48 | Create | Villager (Male) ×5 |
| 1:49 | Create | Villager (Male) ×5 |
| 1:49 | Create | Villager (Male) ×5 |
| 1:49 | Create | Villager (Male) ×5 |
| 1:49 | Create | Villager (Male) ×5 |
| 1:50 | Create | Villager (Male) ×5 |
| 1:57 | Create | Villager (Male) ×5 |
| 1:58 | Create | Villager (Male) ×5 |
| 1:58 | Create | Villager (Male) ×5 |
| 1:58 | Create | Villager (Male) ×5 |
| 2:13 | Build | Building 487 |
| 2:27 | Build | Stone Wall |
| 2:41 | Build | Stone Wall |
| 2:48 | Create | Villager (Male) ×5 |
| 2:49 | Create | Villager (Male) ×5 |
| 2:49 | Create | Villager (Male) ×5 |
| 2:49 | Create | Villager (Male) ×5 |
| 2:57 | Build | Farm |
| 2:58 | Build | Farm |
| 2:58 | Build | Farm |
| 3:00 | Build | Farm |
| 3:01 | Build | Farm |
| 3:02 | Build | Farm |
| 3:04 | Build | Farm |
| 3:10 | Build | Farm |
| 3:11 | Build | Farm |
| 3:12 | Build | Farm |
| 3:13 | Build | Farm |
| 3:14 | Build | Farm |
| 3:15 | Build | Farm |
| 3:18 | Create | Villager (Male) ×5 |
| 3:18 | Create | Villager (Male) ×5 |
| 3:19 | Create | Villager (Male) ×5 |
| 3:19 | Create | Villager (Male) |
| 3:25 | Build | Farm |
| 3:28 | Build | Farm |
| 3:29 | Build | Farm |
| 3:30 | Build | Farm |
| 3:32 | Build | Farm |
| 3:33 | Build | Farm |
| 3:34 | Build | Farm |
| 3:35 | Build | Farm |
| 3:45 | Create | Villager (Male) ×5 |
| 3:45 | Create | Villager (Male) ×5 |
| 3:55 | Create | Trade Cart ×5 |
| 3:55 | Create | Trade Cart ×5 |
| 3:55 | Create | Trade Cart ×5 |
| 3:55 | Create | Trade Cart ×5 |
| 3:56 | Create | Trade Cart ×5 |
| 3:56 | Create | Trade Cart ×5 |
| 3:56 | Create | Trade Cart ×5 |
| 3:56 | Create | Trade Cart ×5 |
| 3:57 | Create | Trade Cart ×5 |
| 3:57 | Create | Trade Cart ×5 |
| 4:13 | Build | Siege Workshop |
| 4:15 | Build | Siege Workshop |
| 4:16 | Build | Siege Workshop |
| 4:17 | Build | Siege Workshop |
| 4:18 | Build | Siege Workshop |
| 4:21 | Build | Siege Workshop |
| 4:22 | Build | Siege Workshop |
| 4:24 | Build | Siege Workshop |
| 4:36 | Build | Mining Camp |
| 4:41 | Build | Mining Camp |
| 4:43 | Create | Villager (Male) ×5 |
| 4:44 | Create | Villager (Male) ×5 |
| 4:44 | Create | Villager (Male) ×5 |
| 4:50 | Build | Farm |
| 4:51 | Build | Farm |
| 4:53 | Build | Farm |
| 4:54 | Build | Farm |
| 4:55 | Build | Farm |
| 5:03 | Build | Mining Camp |
| 5:15 | Build | Mining Camp |
| 5:18 | Create | Villager (Male) ×5 |
| 5:19 | Create | Villager (Male) ×5 |
| 5:19 | Create | Villager (Male) ×5 |
| 5:19 | Create | Villager (Male) ×5 |
| 5:31 | Build | House |
| 5:33 | Build | House |
| 5:34 | Build | House |
| 5:38 | Build | House |
| 5:39 | Build | House |
| 5:40 | Build | House |
| 5:40 | Build | House |
| 5:41 | Build | House |
| 5:43 | Build | House |
| 5:44 | Build | House |
| 5:45 | Build | House |
| 5:45 | Build | House |
| 5:46 | Build | House |
| 5:47 | Build | House |
| 5:48 | Build | House |
| 5:49 | Build | House |
| 5:50 | Build | House |
| 6:03 | Build | Stable |
| 6:03 | Build | Stable |
| 6:04 | Build | Stable |
| 6:04 | Build | Stable |
| 6:04 | Build | Stable |
| 6:05 | Build | Stable |
| 6:05 | Build | Stable |
| 6:05 | Build | Stable |
Match timeline
| 0:13 | robincule · first_market_buy 500 stone |
| 0:14 | robincule · first_market_sell 500 food |
| 1:12 | [TMF] ReTuRe34 · first_building Castle |
| 1:38 | K’ · first_building Monastery |
| 1:46 | TR.! · wall_segment Stone Wall x21 |
| 2:27 | [TMF] ReTuRe34 · wall_segment Stone Wall x36 |
| 2:41 | [TMF] ReTuRe34 · wall_segment Stone Wall x26 |
| 3:14 | erickernestv · wall_segment Stone Wall x23 |
| 3:36 | erickernestv · first_building Castle |
| 3:48 | TR.! · wall_segment Stone Wall x7 |
| 3:50 | TR.! · wall_segment Stone Wall x15 |
| 3:53 | TR.! · wall_segment Stone Wall x19 |
| 4:13 | [TMF] ReTuRe34 · first_building Siege Workshop |
| 4:35 | robincule · first_building Castle |
| 4:39 | TR.! · first_building Siege Workshop |
| 4:45 | robincule · wall_segment Stone Wall x12 |
| 4:49 | robincule · wall_segment Stone Wall x2 |
| 4:53 | robincule · wall_segment Stone Wall x18 |
| 5:03 | robincule · wall_segment Stone Wall x3 |
| 5:06 | robincule · wall_segment Stone Wall x35 |
| 5:10 | TR.! · wall_segment Stone Wall x26 |
| 5:16 | TR.! · wall_segment Stone Wall x34 |
| 5:33 | robincule · wall_segment Stone Wall x46 |
| 5:51 | TR.! · wall_segment Stone Wall x54 |
| 5:56 | K’ · wall_segment Stone Wall x7 |
| 5:58 | erickernestv · wall_segment Stone Wall x21 |
| 5:59 | K’ · wall_segment Stone Wall x37 |
| 6:00 | K’ · wall_segment Stone Wall x3 |
| 6:01 | K’ · wall_segment Stone Wall x10 |
| 6:01 | K’ · wall_segment Stone Wall x3 |
| 6:03 | K’ · wall_segment Stone Wall x3 |
| 6:03 | [TMF] ReTuRe34 · first_building Stable |
| 6:06 | K’ · wall_segment Stone Wall x3 |
| 6:07 | K’ · wall_segment Stone Wall x2 |
| 6:07 | K’ · wall_segment Stone Wall x1 |
| 6:11 | K’ · wall_segment Stone Wall x20 |
| 6:13 | K’ · wall_segment Stone Wall x8 |
| 6:16 | K’ · wall_segment Stone Wall x44 |
| 6:55 | robincule · first_building Siege Workshop |
| 7:19 | [TMF] ReTuRe34 · wall_segment Stone Wall x21 |
| 7:25 | [TMF] ReTuRe34 · wall_segment Stone Wall x22 |
| 7:34 | K’ · wall_segment Stone Wall x15 |
| 7:37 | K’ · wall_segment Stone Wall x3 |
| 7:54 | K’ · first_building Castle |
| 8:41 | robincule · wall_segment Stone Wall x25 |
| 8:46 | K’ · first_market_buy 100 food |
| 8:52 | robincule · wall_segment Stone Wall x13 |
| 8:54 | erickernestv · first_building Siege Workshop |
| 8:59 | robincule · wall_segment Stone Wall x13 |
| 9:19 | K’ · first_building Siege Workshop |
| 9:26 | TR.! · first_building Castle |
| 9:49 | TR.! · wall_segment Stone Wall x14 |
| 10:08 | [TMF] ReTuRe34 · wall_segment Stone Wall x9 |
| 10:15 | K’ · wall_segment Stone Wall x15 |
| 10:20 | K’ · wall_segment Stone Wall x81 |
| 10:42 | robincule · first_building Barracks |
| 10:57 | erickernestv · wall_segment Stone Wall x21 |
| 11:00 | K’ · first_building Barracks |
| 11:06 | erickernestv · wall_segment Stone Wall x15 |
| 11:14 | erickernestv · wall_segment Stone Wall x20 |
| 11:25 | robincule · wall_segment Stone Wall x41 |
| 11:27 | TR.! · first_market_buy 100 stone |
| 11:44 | erickernestv · first_building Stable |
| 11:47 | [TMF] ReTuRe34 · wall_segment Stone Wall x29 |
| 12:06 | [TMF] ReTuRe34 · wall_segment Stone Wall x18 |
| 12:39 | TR.! · wall_segment Stone Wall x27 |
| 12:43 | TR.! · wall_segment Stone Wall x13 |
| 12:55 | robincule · first_building Stable |
| 13:10 | TR.! · wall_segment Stone Wall x14 |
| 13:15 | TR.! · wall_segment Stone Wall x13 |
| 13:42 | K’ · wall_segment Stone Wall x68 |
| 13:43 | K’ · wall_segment Stone Wall x5 |
| 13:44 | K’ · wall_segment Stone Wall x15 |
| 15:09 | TR.! · first_building Stable |
| 15:30 | robincule · wall_segment Stone Wall x13 |
| 18:09 | [TMF] ReTuRe34 · wall_segment Stone Wall x14 |
| 18:47 | robincule · tribute_sent a jugador 2 |
| 18:47 | robincule · tribute_sent a jugador 3 |
| 18:47 | robincule · tribute_sent a jugador 4 |
| 18:47 | robincule · tribute_sent a jugador 5 |
| 20:04 | robincule · wall_segment Stone Wall x38 |
| 20:41 | TR.! · wall_segment Stone Wall x49 |
| 21:58 | robincule · tribute_sent a jugador 2 |
| 21:58 | robincule · tribute_sent a jugador 3 |
| 21:58 | robincule · tribute_sent a jugador 4 |
| 21:58 | robincule · tribute_sent a jugador 5 |
| 23:24 | K’ · wall_segment Stone Wall x16 |
| 23:25 | K’ · wall_segment Stone Wall x2 |
| 26:33 | TR.! · wall_segment Stone Wall x2 |
| 26:34 | TR.! · wall_segment Stone Wall x11 |
| 27:26 | robincule · wall_segment Stone Wall x6 |
| 27:30 | K’ · wall_segment Stone Wall x33 |
| 28:28 | TR.! · wall_segment Stone Wall x15 |
| 30:20 | robincule · wall_segment Stone Wall x19 |
| 30:32 | TR.! · first_market_sell 100 wood |
| 32:08 | TR.! · wall_segment Stone Wall x5 |
| 32:11 | TR.! · wall_segment Stone Wall x12 |
| 32:24 | TR.! · first_building Barracks |
| 33:58 | [TMF] ReTuRe34 · wall_segment Stone Wall x4 |
| 34:37 | erickernestv · first_market_buy 100 food |
| 35:56 | robincule · wall_segment Stone Wall x8 |
| 36:10 | K’ · wall_segment Stone Wall x6 |
| 38:22 | erickernestv · resign |
[ AI ANALYSIS · 1 CREDIT ]
What really happened in this match?
Wolo.gg analyzes every decision: build order, eco, micro, common mistakes by bracket. Personalized analysis on WhatsApp or Discord in 30 seconds.
Civ guide
Bohemians
Perfil
Jugador #16893107